 Dungeon Crawl Stone Soup version 0.30.0-29-ga12c61a403 (webtiles) character file.

Game seed: 822821584364291557

97 Fodor the Sneak (level 4, -2/37 HPs)
             Began as a Hill Orc Brigand on June 14, 2023.
             Slain by a black bear (6 damage)
             ... on level 4 of the Dungeon.
             The game lasted 00:10:05 (2062 turns).

Fodor the Sneak (Hill Orc Brigand)                  Turns: 2062, Time: 00:10:05

Health: -2/37      AC: 10    Str: 13    XL:     4   Next: 68%
Magic:  4/4        EV:  6    Int: 13    God:
Gold:   119        SH:  0    Dex: 12    Spells: 3/3 levels left

rFire   . . .        a - +2 dagger
rCold   . . .        (no shield)
rNeg    . . .        j - +0 chain mail
rPois   .            i - +0 helmet
rElec   .            c - +0 cloak
rCorr   .            (no gloves)
SInv    .            (no boots)
Will    .....        (no amulet) Stlth
                     (no ring)
HPRegen 0.26/turn    (no ring)
MPRegen 0.09/turn

%: no passive effects
@: no status effects
A: no striking features
a: no special abilities


You were on level 4 of the Dungeon.
You visited 1 branch of the dungeon, and saw 3 of its levels.

You collected 119 gold pieces.

Inventory:

Hand Weapons
 a - a +2 dagger (weapon)
 m - a +0 sling
Missiles
 d - 14 poisoned darts (quivered)
 e - 3 curare-tipped darts
 n - 20 stones
 r - 6 javelins
Armour
 c - a +0 cloak (worn)
 i - a +0 helmet (worn)
 j - a +0 chain mail (worn)
Scrolls
 h - a scroll of poison
 l - 2 scrolls of identify {unknown}
 p - a scroll of teleportation {unknown}
Potions
 b - 2 potions of heal wounds {unknown}
 f - a potion of haste {unknown}
 g - a potion of cancellation {unknown}
 q - a potion of invisibility


   Skills:
 + Level 2.7 Fighting
 + Level 3.2 Short Blades
 + Level 2.1 Throwing
 + Level 1.8 Armour
 + Level 1.1 Dodging
 + Level 3.7 Stealth


You had 3 spell levels left.
You didn't know any spells.
Your spell library contained the following spells:

 Spells                   Type           Power      Damage    Failure   Level
 Beastly Appendage        Tmut           0%         N/A       100%        1
 Magic Dart               Conj           0%         1d3       100%        1
 Call Imp                 Summ           0%         N/A       100%        2
 Wereblood                Tmut           0%         N/A       100%        2
 Mephitic Cloud           Conj/Pois/Air  0%         N/A       100%        3
 Spider Form              Tmut/Pois      0%         N/A       100%        3


Dungeon Overview and Level Annotations

Branches:
Dungeon (2/15)

Altars:

Shops:
D:1 [


Message History

The black bear barely misses you.
You hit the black bear.
The black bear is severely wounded.
The black bear bites you but does no damage.
The black bear completely misses you.
The black bear claws you but does no damage.
You hit the black bear but do no damage.
The black bear is severely wounded.
You hit the black bear but do no damage.
The black bear is severely wounded.
The black bear barely misses you.
The black bear claws you but does no damage.
The black bear barely misses you.
You hit the black bear.
The black bear is severely wounded.
The black bear bites you but does no damage.
The black bear claws you but does no damage. x2
You hit the black bear.
The black bear is severely wounded.
The black bear bites you but does no damage.
The black bear claws you.
The black bear claws you but does no damage.
You hit the black bear but do no damage.
The black bear is severely wounded.
The black bear goes berserk!
You hit the black bear.
The black bear is almost dead.
The black bear bites you.
The black bear claws you but does no damage.
The black bear claws you.
You hit the black bear.
The black bear is almost dead.
The black bear barely misses you.
The black bear claws you but does no damage. x2
You completely miss the black bear.
The black bear is almost dead.
The black bear bites you!
* * * LOW HITPOINT WARNING * * *
The black bear claws you.
You die...

#.#†# ###
#.#)#
#...#.#.###
#.........##
#...##.....#
## #.....#
####..#
.######..#
.$..cSh@.#
..######.#
#.# #.# #.#
#.# #.# #.#


You could see a black bear (berserk), a centaur and an adder.

Vanquished Creatures
  Ijyb (D:4)
  An adder (D:4)
  2 dart slugs
  2 bats (D:1)
  5 endoplasms
  5 giant cockroaches
  11 goblins
  3 hobgoblins
  7 jackals
  2 kobolds
  5 quokkas
  2 ball pythons
  A frilled lizard (D:1)
  A rat (D:2)
48 creatures vanquished.

Notes
Turn   | Place    | Note
-------+----------+-------------------------------------------
     0 | D:1      | Fodor the Hill Orc Brigand began the quest for the Orb.
     0 | D:1      | Reached XP level 1. HP: 18/18 MP: 1/1
   348 | D:1      | Reached XP level 2. HP: 25/25 MP: 2/2
   711 | D:1      | Found Obby's Antique Armour Shoppe.
   819 | D:1      | Reached XP level 3. HP: 30/30 MP: 3/3
  1338 | D:2      | Reached skill level 1 in Armour
  1649 | D:2      | You fall into a shaft and drop 2 floors!
  1679 | D:4      | Reached XP level 4. HP: 32/37 MP: 4/4
  1734 | D:4      | Noticed Ijyb
  1807 | D:4      | Killed Ijyb
  1808 | D:4      | Reached skill level 1 in Dodging
  2041 | D:4      | Noticed a black bear
  2047 | D:4      | Noticed a centaur
  2062 | D:4      | Slain by a black bear

Illustrated notes

Levels and vault maps discovered:
D:1:      nagdon_arrival_double_spiral, layout_loops_ring, serial_shops, shop
D:2:      layout_loops_ring
D:4:      kennysheep_goblin_castle, layout_loops_ring,
          nicolae_overflow_hidden_temple

Skill      XL: |  1  2  3  4 |
---------------+-------------+-----
Throwing       | 2 |  2.1
Armour         | 1 |  1.8
Short Blades   | 3 |  3.2
Dodging        | 1 |  1.1
Fighting       | |  2.7
Stealth        | |  3.7

Action                     |  1- 3 |  4- 6 || total
---------------------------+-------+-------++-------
  Melee: Dagger            |   194 |   102 ||   296
         Punch             |     4 |       ||     4
    Use: Potion            |       |     6 ||     6
         Scroll            |       |     2 ||     2
   Stab: Invisible         |       |     2 ||     2
 Armour: Scale mail        |    34 |       ||    34
         Chain mail        |    89 |    90 ||   179
         Skin              |       |    57 ||    57
  Dodge: Dodged            |    84 |    50 ||   134
